 Dungeon Crawl Stone Soup version 0.26-a0-962-g9b92081034 (webtiles) character file.

Game seed: 4822353511913058583

238 Dracia the Poker (level 5, 0/38 HPs)
             Began as a Demonspawn Warper on Dec 2, 2020.
             Slain by Edmund
             ... wielding a +0 dire flail of draining
              (1 damage)
             ... on level 4 of the Dungeon.
             The game lasted 00:09:40 (3085 turns).

Dracia the Poker (Demonspawn Warper)                Turns: 3085, Time: 00:09:40

Health: 0/38       AC: 10    Str: 19    XL:     5   Next: 78%
Magic:  0/8        EV:  9    Int: 14    God:
Gold:   60         SH:  0    Dex: 12    Spells: 3/8 levels left

rFire    . . .     SeeInvis .   a - +0 trident
rCold    + . .     Faith    .   (no shield)
rNeg     . . .     Spirit   +   k - +0 scale mail {rC+}
rPois    .         Reflect  .   i - +2 helmet
rElec    .         Harm     .   m - +0 cloak
rCorr    .         Rampage  .   (no gloves)
MR       .....                  (no boots)
Stlth    ..........             (no amulet)
HPRegen  0.12/turn              p - +6 ring of strength
MPRegen  0.22/turn              (no ring)

@: very heavily drained
A: magic shield, magic regeneration
a: no special abilities


You were on level 4 of the Dungeon.
You visited 1 branch of the dungeon, and saw 4 of its levels.

You collected 60 gold pieces.


Innate Abilities, Weirdness & Mutations

When hurt, damage is shared between your health and your magic reserves.
You regenerate magic rapidly.


   Skills:
 - Level 2.0(0.0) Fighting
 * Level 4.6(1.1) Polearms
 - Level 0.8(0.0) Throwing
 - Level 0.8(0.0) Armour
 - Level 1.7(0.0) Dodging
 - Level 2.0(0.0) Spellcasting
 + Level 4.1(0.6) Translocations


You had 3 spell levels left.
You knew the following spells:

 Your Spells              Type           Power        Failure   Level
a - Blink                 Tloc           N/A          71%         2
b - Gell's Gravitas       Tloc           #.........   91%         3

Your spell library contained the following spells:

 Spells                   Type           Power        Failure   Level
 Lesser Beckoning         Tloc           #.........   91%         3
 Teleport Other           Tloc           #.......     91%         3
 Passage of Golubria      Tloc           N/A          100%        4

Inventory:

Hand Weapons
 a - a +0 trident (weapon)
 b - a +0 hunting sling of flaming
 s - a +0 spear
Missiles
 e - 5 boomerangs of dispersal {=f}
 f - 168 stones (quivered)
 l - 14 poisoned darts
 q - 8 boomerangs
Armour
 c - a +0 leather armour
 i - a +2 helmet (worn)
 k - a +0 scale mail of cold resistance (worn)
 m - a +0 cloak (worn)
Jewellery
 p - a +6 ring of strength (left hand)
Wands
 o - a wand of paralysis (17)
Scrolls
 d - a scroll of blinking
 g - 3 scrolls of teleportation {unknown}
 j - 3 scrolls of amnesia {unknown}
 n - 2 scrolls of identify {@r1@r1}
 r - a scroll of noise {unknown}
 t - 2 scrolls of fear
Potions
 h - a potion of brilliance {unknown}
 v - 2 potions of curing {@q1@q1}

Dungeon Overview and Level Annotations

Branches:
Dungeon (3/15)

Altars:
Elyvilon
Okawaru
Uskayaw

Annotations:
D:4 Edmund

.......##.........#
#.##..............# .#
..##.#..#....(....####.#
#......##...............
#.##.#.##...............
..##....##.......#......
#.##..#.#...............
#....# .#............(.?
#.##.. .#.......@@(((...
..# #............... #.#
#............... #
##.......#...... .
##...[.######## .
#######


You could see Edmund.


Message History

Edmund hits you but does no damage.
You feel drained.
You hit Edmund but do no damage.
Edmund is severely wounded.
Edmund hits you with a +0 dire flail of draining.
You feel drained.
* * * LOW HITPOINT WARNING * * *
You hit Edmund but do no damage.
Edmund is severely wounded.
Edmund hits you but does no damage.
You feel drained.
You hit Edmund.
Edmund is severely wounded.
Edmund hits you with a +0 dire flail of draining!
* * * LOW HITPOINT WARNING * * *
You feel drained.
* * * LOW HITPOINT WARNING * * *
You puncture Edmund!
Edmund is almost dead.
Edmund hits you with a +0 dire flail of draining.
* * * LOW HITPOINT WARNING * * *
You feel drained.
You hit Edmund but do no damage.
Edmund is almost dead.
Edmund hits you with a +0 dire flail of draining.
* * * LOW HITPOINT WARNING * * *
You feel drained.
* * * LOW HITPOINT WARNING * * *
Edmund hits you with a +0 dire flail of draining.
* * * LOW HITPOINT WARNING * * *
You feel drained.
You die...

Skill      XL: |  1  2  3  4  5 |
---------------+----------------+-----
Polearms       | 2 3 4 |  4.6
Translocations | 3 4 |  4.1
Fighting       | |  2.0
Throwing       | |  0.8
Armour         | |  0.8
Dodging        | |  1.7
Spellcasting   | |  2.0

Action                   |  1- 3 |  4- 6 || total
-------------------------+-------+-------++-------
Melee: Spear             |   129 |       ||   129
       Trident           |    14 |   119 ||   133
 Fire: Hunting sling     |    20 |     7 ||    27
  Use: Potion            |     3 |     1 ||     4
       Scroll            |       |     4 ||     4
 Stab: Distracted        |       |     1 ||     1
Armor: Leather armour    |    30 |       ||    30
       Scale mail        |    16 |    46 ||    62
       Skin              |    10 |     3 ||    13
Dodge: Dodged            |    87 |    41 ||   128

Levels and vault maps discovered:
D:1:      dpeg_arrival_lava_temple_mockup, layout_basic, amethyst_killhole,
          okawaru_ov_weapons_minmay
D:2:      layout_basic, elyvilon_altar_5, lemuel_round_altar,
          minmay_misc_feat_ornament, uniq_robin, uniq_natasha
D:3:      layout_basic, lemuel_doored_altar, cheibriados_altar_2,
          biasface_ghost_orc_armoury
D:4:      layout_rooms, nicolae_dithmenos_through_a_glass_darkly,
          minmay_diced_spiral, uniq_edmund, uniq_grinder

Notes
Turn   | Place    | Note
-------+----------+-------------------------------------------
     0 | D:1      | Dracia the Demonspawn Warper began the quest for the Orb.
     0 | D:1      | Reached XP level 1. HP: 16/16 MP: 3/3
   100 | D:1      | Reached skill level 2 in Polearms
   115 | D:1      | Reached skill level 3 in Translocations
   367 | D:1      | Gained mutation: When hurt, damage is shared between your
                  | health and your magic reserves. [demonic ancestry]
   367 | D:1      | Reached XP level 2. HP: 22/22 MP: 5/5
   570 | D:1      | Found an iron altar of Okawaru.
   665 | D:1      | Learned a level 2 spell: Blink
   901 | D:1      | Reached XP level 3. HP: 27/27 MP: 6/6
  1075 | D:2      | Learned a level 3 spell: Gell's Gravitas
  1386 | D:2      | Reached skill level 3 in Polearms
  1744 | D:2      | Found a white marble altar of Elyvilon.
  1751 | D:2      | Noticed Natasha
  1769 | D:2      | Killed Natasha
  1770 | D:2      | Gained mutation: You regenerate magic rapidly. [demonic
                  | ancestry]
  1770 | D:2      | Reached XP level 4. HP: 7/33 MP: 1/7
  2042 | D:2      | Found a hide-covered altar of Uskayaw.
  2060 | D:2      | Noticed Robin
  2118 | D:2      | Killed Robin
  2321 | D:2      | Noticed Natasha
  2329 | D:2      | Killed Natasha
  2466 | D:2      | Reached XP level 5. HP: 38/38 MP: 8/8
  2467 | D:2      | Reached skill level 4 in Polearms
  2751 | D:3      | You fall into a shaft and drop 1 floor!
  2785 | D:4      | Reached skill level 4 in Translocations
  3062 | D:4      | Noticed Edmund
  3085 | D:4      | HP: 1/38 [Edmund/+0 dire flail of draining (4)]
  3085 | D:4      | Slain by Edmund

Vanquished Creatures
  A centaur skeleton (D:4)
  An iguana (D:4)
  Natasha (twice) (D:2)
  A worker ant (D:4)
  Robin (D:2)
  3 adders
  An adder skeleton (D:4)
  2 dart slugs (D:1)
  3 leopard geckos
  3 giant cockroaches
  16 goblins
  5 hobgoblins
  7 jackals
  4 bats
  3 frilled lizards
  A jackal skeleton (D:4)
  7 kobolds
  6 rats
67 creatures vanquished.

Table legend: (Time is in decaauts)
 A = Elapsed time spent in this place.
 B = Non-inter-level travel time spent in this place.
 C = Inter-level travel time spent in this place.
 D = Time resting spent in this place.
 E = Time spent auto-exploring this place.
 F = Levels seen in this place.
 G = Mean time per level.
                   A        B        C        D        E       F      G
               +--------+--------+--------+--------+--------+-----+--------+
         Total |   3095 |   3027 |     68 |    941 |   1538 |   4 |  773.8 |
       Dungeon |   3095 |   3027 |     68 |    941 |   1538 |   4 |  773.8 |
               +--------+--------+--------+--------+--------+-----+--------+

Top non-repeatable levels by time:
     D:2: 1478 daAuts
     D:1: 1068 daAuts
     D:4: 338 daAuts
     D:3: 210 daAuts

Table legend:
 A = Non-vault XP
 B = Vault XP
 C = Vault XP percentage of total XP
 D = Non-vault monster count
 E = Vault monster count
 F = Vault count percentage of total count
                 A         B        C        D         E       F
            +---------+---------+-------+---------+---------+-------
      Total |     217 |     124 |  36.4 |      50 |      17 |  25.4
            +---------+---------+-------+---------+---------+-------
        D:1 |      46 |       0 |   0.0 |      24 |       0 |   0.0
        D:2 |      80 |      74 |  48.1 |      17 |      14 |  45.2
        D:3 |      16 |       0 |   0.0 |       4 |       0 |   0.0
        D:4 |      75 |      50 |  40.0 |       5 |       3 |  37.5
            +---------+---------+-------+---------+---------+-------
